[Event "56th Rubinstein Memorial C 2020"]
[Site "Polanica Zdroj"]
[Date "2020.08.21"]
[Round "7.8"]
[White "Bartlomowicz, Jakub"]
[Black "Rudecki, Bartosz"]
[Result "1-0"]
[ECO "C55"]
[WhiteElo "1613"]
[BlackElo "1831"]
[Annotator "NA RC"]
[PlyCount "80"]
[EventDate "2020.08.15"]
[EventType "swiss"]
[EventCountry "POL"]
[SourceTitle "playchess.com"]
[Source "ChessBase"]
[SourceQuality "1"]
[TimeControl "40/5400+30:1800+30"]

1. e4 e5 2. Nf3 Nc6 3. Bc4 Nf6 4. d3 Be7 5. O-O O-O 6. c3 d6 7. Re1 Na5 8. Bb5 a6 9. Ba4 b5 10. Bc2 c5 11. Nbd2 Nc6 12. Nf1 h6 13. h3 Re8 14. Ng3 {C90: Closed Ruy Lopez with 7...d6: Early deviations.} Bf8 15. Be3 g6 (15... Bb7 $11) 16. Qd2 Kh7 17. d4 {[%emt 0:00:45] [#]} cxd4 $146 ({Predecessor:} 17... Bd7 18. d5 Na5 19. b3 Qc7 20. Nh2 Bg7 21. Rec1 Rec8 22. Bd1 Nb7 23. Ng4 Ng8 {1-0 (49) Babaev,R (2462)-Tishin,P (2407) Tula 2007}) 18. cxd4 exd4 19. Nxd4 Nxd4 20. Bxd4 Bb7 21. Rad1 Rc8 22. Bb3 Nxe4 23. Qf4 f5 24. Nxf5 Qg5 25. Qxg5 Nxg5 26. Ne3 h5 27. Nd5 Bg7 28. Nf6+ Bxf6 29. Bxf6 Ne4 30. Bd4 d5 31. Bb6 Rc6 32. Ba7 Rd6 33. f3 Nf6 34. Rxe8 Nxe8 35. Re1 Bc6 36. Re7+ $18 (36. Bc5 $142 Rd8 37. Re6) 36... Kg8 37. Bc5 Rd8 38. Re6 Bb7 39. Rxg6+ Kh7 40. Bc2 Bc8 1-0

[Event "56th Rubinstein Memorial C 2020"]
[Site "Polanica Zdroj"]
[Date "2020.08.21"]
[Round "7.9"]
[White "Witkowski, Krzysztof"]
[Black "Szopa, Emilia"]
[Result "0-1"]
[ECO "B21"]
[WhiteElo "1791"]
[BlackElo "1628"]
[Annotator "NA RC"]
[PlyCount "60"]
[EventDate "2020.08.15"]
[EventType "swiss"]
[EventCountry "POL"]
[SourceTitle "playchess.com"]
[Source "ChessBase"]
[SourceQuality "1"]
[TimeControl "40/5400+30:1800+30"]

1. e4 c5 2. d4 cxd4 3. c3 d5 4. Qxd4 dxe4 5. Qxd8+ Kxd8 6. Bc4 f5 7. Nh3 e5 8. Ng5 Nh6 9. f3 exf3 10. Nxf3 Nc6 11. Bg5+ Kc7 12. Nbd2 Ng4 13. h3 Nf6 14. O-O-O Be7 15. Rhe1 Bd6 16. Bb5 e4 17. Nc4 Bg3 18. Ng1 h6 19. Ne2 hxg5 20. Nxg3 Be6 21. Nd6 g6 22. Nxb7 Kxb7 23. Rd6 Nd8 24. Red1 Kc7 25. Ne2 Rg8 26. Ra6 Nd7 27. Nd4 Nc5 28. Nxe6+ Ncxe6 29. Rd7+ Kc8 30. b4 Nc7 0-1

[Event "56th Rubinstein Memorial C 2020"]
[Site "Polanica Zdroj"]
[Date "2020.08.21"]
[Round "7.13"]
[White "Kolodziejski, Grzegorz"]
[Black "Raclawicki, Kacper"]
[Result "0-1"]
[ECO "B06"]
[WhiteElo "1550"]
[BlackElo "1879"]
[Annotator "NA RC"]
[PlyCount "90"]
[EventDate "2020.08.15"]
[EventType "swiss"]
[EventCountry "POL"]
[SourceTitle "playchess.com"]
[Source "ChessBase"]
[SourceQuality "1"]
[TimeControl "40/5400+30:1800+30"]

1. e4 g6 2. d4 Bg7 3. Nc3 d6 4. Bg5 c5 5. dxc5 Qa5 6. Qd2 Qxc5 7. Nf3 {[%emt 0:01:19] [#] B06: Modern Defence.} Be6 $146 ({Predecessor:} 7... Bg4 8. Be3 Qa5 9. Nd4 a6 10. Nb3 Qd8 11. f3 Bd7 12. Nd5 Nc6 13. Bb6 Qc8 14. Nc7+ Kf8 15. Nxa8 Qxa8 {1-0 (65) Budimir,D (2165)-Djurasinov,B (2175) Belgrade 2016}) 8. Be3 Qa5 (8... Bxc3 $5 9. bxc3 Qc7 $11) 9. Nd4 Bd7 (9... Nc6 $11 {keeps the balance.}) 10. f3 Nc6 11. Be2 Nf6 (11... Bxd4 $14 12. Bxd4 Nxd4 13. Qxd4 Nf6) 12. g4 h6 13. h4 Rc8 14. O-O-O Ne5 15. h5 g5 16. Nf5 Bxf5 17. gxf5 Nc4 18. Bxc4 Rxc4 19. Qd3 b5 20. e5 dxe5 21. Nxb5 Rb4 22. Nxa7 e4 (22... O-O $142) 23. Qd8+ Qxd8 24. Rxd8+ Kxd8 25. Nc6+ Kc7 26. Nxb4 exf3 27. Bd4 Nxh5 28. Bxg7 Nxg7 29. f6 Nf5 30. fxe7 g4 31. Nd5+ Kc6 32. Nf6 g3 33. Ne4 Re8 34. Rg1 Rxe7 35. Nxg3 Nxg3 36. Rxg3 Re1+ 37. Kd2 f2 38. Rc3+ Kd5 39. Rd3+ Ke4 40. Kc3 f1=Q 41. a4 Qf6+ 42. Kb3 Rb1 43. Rc3 Qb6+ 44. Kc4 Rxb2 45. a5 Qd4# 0-1

[Event "56th Rubinstein Memorial C 2020"]
[Site "Polanica Zdroj"]
[Date "2020.08.21"]
[Round "7.14"]
[White "Maslo, Slawomir"]
[Black "Ciborowski, Konrad Jr"]
[Result "0-1"]
[ECO "A85"]
[WhiteElo "1740"]
[BlackElo "1464"]
[Annotator "NA RC"]
[PlyCount "52"]
[EventDate "2020.08.15"]
[EventType "swiss"]
[EventCountry "POL"]
[SourceTitle "playchess.com"]
[Source "ChessBase"]
[SourceQuality "1"]
[TimeControl "40/5400+30:1800+30"]

1. d4 f5 2. c4 Nf6 3. Nc3 d6 4. g3 g6 5. Bg2 Bg7 6. Nf3 O-O 7. O-O Qe8 8. Bg5 e5 9. Bxf6 Bxf6 10. dxe5 dxe5 11. Nd5 Bd8 12. e4 c6 13. Nc3 f4 14. Qb3 g5 15. Nd2 Qh5 16. Qd1 g4 17. f3 Bb6+ 18. Rf2 Bxf2+ 19. Kxf2 fxg3+ 20. hxg3 gxf3 21. Nxf3 Bg4 22. Qd3 Na6 23. Qe3 Bxf3 24. Bxf3 Rxf3+ 25. Qxf3 Rf8 26. Qxf8+ Kxf8 0-1

[Event "56th Rubinstein Memorial C 2020"]
[Site "Polanica Zdroj"]
[Date "2020.08.21"]
[Round "7.15"]
[White "Mackowiak, Szymon"]
[Black "Vanduyfhuys, Igor"]
[Result "*"]
[ECO "E61"]
[WhiteElo "1689"]
[BlackElo "1776"]
[Annotator "NA RC"]
[PlyCount "78"]
[EventDate "2020.08.15"]
[EventType "swiss"]
[EventCountry "POL"]
[SourceTitle "playchess.com"]
[Source "ChessBase"]
[SourceQuality "1"]
[TimeControl "40/5400+30:1800+30"]

1. d4 Nf6 2. c4 g6 3. Nc3 Bg7 4. Nf3 O-O 5. Bg5 d6 6. Qc2 c5 7. e3 Nc6 8. d5 Nb4 9. Qb1 Qa5 10. Nd2 e6 11. a3 Na6 12. Be2 exd5 13. Bxf6 Bxf6 14. Nxd5 Bg7 15. b4 cxb4 16. Ra2 bxa3 17. O-O Nc5 18. Nb3 Qa4 19. Nxc5 dxc5 20. Qc1 Be6 21. Rxa3 Qd7 22. Rd1 Bxd5 23. Rxd5 Qc7 24. Rad3 Rad8 25. Qa3 a6 26. Qxc5 Qxc5 27. Rxc5 Rxd3 28. Bxd3 Rd8 29. Be2 Rd7 30. Rc8+ Bf8 31. Bf3 b5 32. Bd5 a5 33. Ra8 a4 34. e4 Rc7 35. Kf1 bxc4 36. Ke2 c3 37. Kd1 c2+ 38. Kc1 Rc3 39. Rxa4 Bh6+ *

[Event "56th Rubinstein Memorial C 2020"]
[Site "Polanica Zdroj"]
[Date "2020.08.22"]
[Round "8.8"]
[White "Halhoul, Adam"]
[Black "Demski, Michal"]
[Result "0-1"]
[ECO "A41"]
[WhiteElo "1579"]
[BlackElo "1617"]
[Annotator "NA RC"]
[PlyCount "62"]
[EventDate "2020.08.15"]
[EventType "swiss"]
[EventCountry "POL"]
[SourceTitle "playchess.com"]
[Source "ChessBase"]
[SourceQuality "1"]
[TimeControl "40/5400+30:1800+30"]

1. d4 d6 2. Nf3 Bg4 3. e4 Nf6 4. Nc3 Nbd7 5. h3 Bxf3 6. Qxf3 e5 7. d5 Be7 8. g4 h6 9. h4 Nh7 10. g5 hxg5 11. hxg5 Bxg5 12. Bxg5 Qxg5 13. Rh5 Qg6 14. O-O-O Ke7 15. Qh1 Ndf6 16. Rh2 Ng4 17. Rh5 Nxf2 18. Qh4+ Qf6 19. Rd2 Ng4 20. Qxg4 Qxf1+ 21. Rd1 Qf4+ 22. Qxf4 exf4 23. Rdh1 Rag8 24. Rxh7 Rxh7 25. Rh4 Rh6 26. Rxh6 g5 27. Kd2 g4 28. Ke2 Re8 29. Kf2 c6 30. dxc6 bxc6 31. a4 a5 0-1

[Event "56th Rubinstein Memorial C 2020"]
[Site "Polanica Zdroj"]
[Date "2020.08.22"]
[Round "8.9"]
[White "Ciborowski, Konrad Jr"]
[Black "Lambrecht, Tomasz"]
[Result "0-1"]
[ECO "B11"]
[WhiteElo "1464"]
[BlackElo "1750"]
[Annotator "NA RC"]
[PlyCount "120"]
[EventDate "2020.08.15"]
[EventType "swiss"]
[EventCountry "POL"]
[SourceTitle "playchess.com"]
[Source "ChessBase"]
[SourceQuality "1"]
[TimeControl "40/5400+30:1800+30"]

1. e4 c6 2. Nc3 d5 3. Nf3 Bg4 4. h3 Bxf3 5. Qxf3 Nf6 6. d3 e6 7. Bd2 Bb4 8. O-O-O d4 9. Ne2 Bxd2+ 10. Rxd2 c5 11. c4 Nc6 12. g4 Nd7 13. Qg3 e5 14. f4 f6 15. g5 fxg5 16. Qxg5 Qxg5 17. fxg5 Nf8 18. h4 Ne6 19. Bh3 Ke7 20. Bxe6 Kxe6 21. Rg1 g6 22. a3 Raf8 23. h5 Rf3 24. Rh1 Rhf8 25. hxg6 hxg6 26. Rdd1 Re3 27. Rh2 Rff3 28. Kc2 a6 29. Rd2 Ne7 30. Rh8 Kd7 31. Rb8 Kc7 32. Re8 Kd7 33. Rb8 Kc7 34. Re8 Rf7 35. Rh8 Ref3 36. Rd1 Re3 37. Rd2 Nc6 38. Rg8 Ne7 39. Rh8 Rf1 40. Re8 Kd7 41. Rb8 Kc6 42. Re8 Rf7 43. Rh8 Ref3 44. Rd1 Rf2 45. Kd2 Rg2 46. Rg1 Rff2 47. Rxg2 Rxg2 48. Re8 Kd7 49. Rb8 Kc7 50. Re8 Nc6 51. Ke1 Rxg5 52. Kf2 Rh5 53. Rg8 Rh1 54. Rxg6 Rb1 55. b4 cxb4 56. axb4 Nxb4 57. Rg3 Rd1 58. Ng1 Rxd3 59. Nf3 Nc6 60. c5 Rc3 0-1

[Event "56th Rubinstein Memorial C 2020"]
[Site "Polanica Zdroj"]
[Date "2020.08.22"]
[Round "8.10"]
[White "Rudecki, Bartosz"]
[Black "Zalega, Maciej"]
[Result "1-0"]
[ECO "B53"]
[WhiteElo "1831"]
[BlackElo "1743"]
[Annotator "NA RC"]
[PlyCount "45"]
[EventDate "2020.08.15"]
[EventType "swiss"]
[EventCountry "POL"]
[SourceTitle "playchess.com"]
[Source "ChessBase"]
[SourceQuality "1"]
[TimeControl "40/5400+30:1800+30"]

1. e4 c5 2. Nf3 d6 3. d4 cxd4 4. Qxd4 Nc6 5. Bb5 Bd7 6. Bxc6 Bxc6 7. Nc3 Nf6 8. Bg5 e6 9. O-O-O Be7 10. Rhe1 a6 11. Kb1 Qc7 12. Nd5 (12. Bxf6 $5 Bxf6 13. Qxd6 Qxd6 14. Rxd6 $14) 12... Bxd5 13. exd5 Rc8 (13... e5 $11 {remains equal.} 14. Qb4 h6 15. Bxf6 Bxf6) 14. c3 e5 {[%emt 0:00:44] [#]} 15. Qh4 (15. Nxe5 $1 $16 dxe5 16. Rxe5) 15... O-O 16. Nxe5 {[%emt 0:08:39] [#]} (16. Qh3 $11) 16... dxe5 $2 {[%emt 0:01:13] [#]} (16... h6 $1 $19 17. Bxh6 Ne8) 17. d6 $11 Bxd6 18. Bxf6 gxf6 19. Re4 f5 20. Qg5+ Kh8 21. Qf6+ Kg8 22. Rd3 f4 23. Rg3+ 1-0

[Event "56th Rubinstein Memorial C 2020"]
[Site "Polanica Zdroj"]
[Date "2020.08.22"]
[Round "8.11"]
[White "Witkowski, Krzysztof"]
[Black "Grot, Blazej"]
[Result "1-0"]
[ECO "B21"]
[WhiteElo "1791"]
[BlackElo "1768"]
[Annotator "NA RC"]
[PlyCount "103"]
[EventDate "2020.08.15"]
[EventType "swiss"]
[EventCountry "POL"]
[SourceTitle "playchess.com"]
[Source "ChessBase"]
[SourceQuality "1"]
[TimeControl "40/5400+30:1800+30"]

1. e4 c5 2. d4 cxd4 3. c3 Nf6 4. e5 Nd5 5. Qxd4 e6 6. Nf3 Nc6 7. Qe4 f5 8. Qe2 b5 9. g3 Bb7 10. Bg2 Qc7 11. O-O a6 12. Re1 g6 13. Nbd2 Bg7 14. Nb3 Nce7 15. Nbd4 Nb6 16. Ng5 Bxg2 17. Kxg2 h6 18. Nh3 O-O 19. f4 Ned5 20. Be3 Qb7 21. Kg1 Rac8 22. a3 Nxe3 23. Qxe3 Nd5 24. Qd2 Qb6 25. Nf2 Rc4 26. Rad1 Rfc8 27. Nc2 g5 28. Ne3 gxf4 29. Nxd5 exd5 30. Qxd5+ Kh8 31. e6 fxg3 32. hxg3 dxe6 33. Rxe6 Qa7 34. Qd7 Qc5 35. Rd5 Qf8 36. Rxf5 Qxf5 37. Rxh6+ Bxh6 38. Qxf5 Rf8 39. Qe5+ Bg7 40. Qh5+ Kg8 41. Ne4 Rc7 42. Ng5 Rf6 43. Qh7+ Kf8 44. Qe4 Kg8 45. Qd5+ Rcf7 46. Nxf7 Rxf7 47. Qa8+ Bf8 48. Qxa6 Bc5+ 49. Kg2 Rf2+ 50. Kh3 Rxb2 51. Qg6+ Kh8 52. Qh5+ 1-0

[Event "56th Rubinstein Memorial C 2020"]
[Site "Polanica Zdroj"]
[Date "2020.08.22"]
[Round "8.12"]
[White "Borowski, Przemyslaw"]
[Black "Jaworski, Tymon"]
[Result "1-0"]
[ECO "B20"]
[WhiteElo "1790"]
[BlackElo "1667"]
[Annotator "NA RC"]
[PlyCount "71"]
[EventDate "2020.08.15"]
[EventType "swiss"]
[EventCountry "POL"]
[SourceTitle "playchess.com"]
[Source "ChessBase"]
[SourceQuality "1"]
[TimeControl "40/5400+30:1800+30"]

1. e4 c5 2. b4 e6 3. bxc5 Bxc5 4. d4 Bb6 5. c3 d5 6. e5 Ne7 7. Qg4 Ng6 8. h4 h5 9. Qg3 Nd7 10. Bd3 Ndf8 11. Nf3 Bd7 12. Ng5 Rc8 13. O-O Bc7 14. f4 f5 15. exf6 Qxf6 16. Qe1 Ne7 17. a4 Ba5 18. Bd2 a6 19. Ra2 Nf5 20. Rb2 Rc7 21. Bxf5 Qxf5 22. Rf2 Ng6 23. Re2 Ke7 24. g3 Re8 25. c4 Bxd2 26. Nxd2 dxc4 27. Nde4 c3 28. Rbc2 Qd5 29. Qf2 Kf8 30. Nxc3 Qa5 31. Qf3 Bxa4 32. Qxh5 Bxc2 33. Nh7+ Kf7 34. Qxa5 Rc6 35. Ng5+ Kf6 36. Rxc2 1-0

[Event "56th Rubinstein Memorial C 2020"]
[Site "Polanica Zdroj"]
[Date "2020.08.22"]
[Round "8.13"]
[White "Vanduyfhuys, Igor"]
[Black "Plichta, Krzysztof"]
[Result "0-1"]
[ECO "B19"]
[WhiteElo "1776"]
[BlackElo "1605"]
[Annotator "NA RC"]
[PlyCount "72"]
[EventDate "2020.08.15"]
[EventType "swiss"]
[EventCountry "POL"]
[SourceTitle "playchess.com"]
[Source "ChessBase"]
[SourceQuality "1"]
[TimeControl "40/5400+30:1800+30"]

1. e4 c6 2. d4 d5 3. Nd2 dxe4 4. Nxe4 Bf5 5. Ng3 Bg6 6. h4 h6 7. Nf3 Nd7 8. h5 Bh7 9. Bd3 Bxd3 10. Qxd3 e6 11. Bd2 Ngf6 12. O-O-O a5 13. Kb1 b5 14. Ne4 Nxe4 15. Qxe4 Qb6 16. Ne5 Nxe5 17. Qxe5 Rd8 18. Bc1 Rd5 19. Qe4 Be7 20. g4 Bf6 21. Be3 O-O 22. f4 Rfd8 23. c3 Qa7 24. Rdg1 Qe7 25. Rg2 c5 26. g5 hxg5 27. h6 g6 28. fxg5 Bxg5 29. Rhg1 Bxe3 30. Qxe3 cxd4 31. Qe4 dxc3 32. bxc3 Rd1+ 33. Rxd1 Rxd1+ 34. Kc2 Rd5 35. Qf4 Kh7 36. Qb8 Qa3 0-1

[Event "56th Rubinstein Memorial C 2020"]
[Site "Polanica Zdroj"]
[Date "2020.08.22"]
[Round "8.14"]
[White "Kejna, Piotr"]
[Black "Urbaniak, Karol"]
[Result "1-0"]
[ECO "C50"]
[WhiteElo "1767"]
[BlackElo "1612"]
[Annotator "NA RC"]
[PlyCount "89"]
[EventDate "2020.08.15"]
[EventType "swiss"]
[EventCountry "POL"]
[SourceTitle "playchess.com"]
[Source "ChessBase"]
[SourceQuality "1"]
[TimeControl "40/5400+30:1800+30"]

1. e4 e5 2. Nf3 Nc6 3. Bc4 Nf6 4. d3 Bc5 5. c3 d6 6. Bb3 Be6 7. Bc2 d5 8. exd5 Nxd5 9. Qe2 Nf4 10. Bxf4 exf4 11. d4 Bb6 12. O-O O-O 13. Qe4 g6 14. Qxf4 Ne7 15. Nbd2 Nd5 16. Qh6 Qf6 17. Ne4 Qg7 18. Qh4 f6 19. Rfe1 Rae8 20. c4 Nb4 21. Ba4 c6 22. d5 cxd5 23. cxd5 Bxd5 24. Bxe8 Nd3 25. Re2 g5 26. Qg4 f5 27. Qxg5 Bxe4 28. Qxg7+ Kxg7 29. Bb5 Nf4 30. Rd2 Rf6 31. Ne1 Rg6 32. g3 Nh3+ 33. Kf1 h5 34. f3 Bc6 35. Bxc6 bxc6 36. Rd7+ Kh6 37. Nd3 h4 38. Kg2 hxg3 39. hxg3 Ng1 40. Ne5 Re6 41. Rd6 Rxd6 42. Nf7+ Kg6 43. Nxd6 Ne2 44. Nc4 Bd4 45. Re1 1-0

[Event "56th Rubinstein Memorial C 2020"]
[Site "Polanica Zdroj"]
[Date "2020.08.23"]
[Round "9.2"]
[White "Podgorski, Maciej"]
[Black "Adamczewski, Maciej"]
[Result "1/2-1/2"]
[ECO "C13"]
[WhiteElo "1810"]
[BlackElo "2045"]
[Annotator "NA"]
[PlyCount "67"]
[EventDate "2020.08.15"]
[EventType "swiss"]
[EventCountry "POL"]
[SourceTitle "playchess.com"]
[Source "ChessBase"]
[SourceQuality "1"]
[TimeControl "40/5400+30:1800+30"]

1. e4 e6 2. d4 d5 3. Nc3 Nf6 4. Bg5 Be7 5. e5 Nfd7 6. h4 h6 7. Bxe7 Qxe7 8. f4 a6 {[%emt 0:00:31] C14: French: Classical System: 4 Bg5 Be7 main line.} 9. Nf3 c5 10. Qd2 Nc6 11. Be2 {[%emt 0:03:53] [#]} b5 $146 ({Predecessor:} 11... cxd4 12. Nxd4 Nxd4 13. Qxd4 Qc5 14. O-O-O b5 15. g4 Bb7 16. Rhe1 Rc8 17. a3 Nb6 18. Qxc5 Rxc5 {0-1 (31) Wiedenbruch,P (1391)-Glagau,L (1450) Duesseldorf 2017}) 12. Rh3 Bb7 13. Nd1 cxd4 14. Nxd4 Nc5 15. Nf2 Rc8 16. c3 O-O 17. g4 f6 $1 18. Qe3 fxe5 19. fxe5 Rxf2 (19... Nxd4 $17 20. Qxd4 Rf7) 20. Kxf2 Ne4+ 21. Kg1 Nxe5 22. Rf1 Nf7 $2 {[%emt 0:12:34] [#]} (22... Nc4 $11 23. Bxc4 dxc4) 23. g5 $1 hxg5 24. Bg4 e5 $16 25. Rxf7 Kxf7 26. Be6+ Ke8 27. hxg5 Qc5 28. Qf3 Qxd4+ 29. cxd4 Rc1+ 30. Kh2 Rc2+ 31. Kg1 Rc1+ 32. Kh2 Rc2+ 33. Kg1 Rc1+ 34. Kh2 1/2-1/2

[Event "56th Rubinstein Memorial C 2020"]
[Site "Polanica Zdroj"]
[Date "2020.08.23"]
[Round "9.3"]
[White "Lewandrowski, Tomasz"]
[Black "Walkusz, Witoslaw"]
[Result "0-1"]
[ECO "D85"]
[WhiteElo "1879"]
[BlackElo "2092"]
[Annotator "NA"]
[PlyCount "68"]
[EventDate "2020.08.15"]
[EventType "swiss"]
[EventCountry "POL"]
[SourceTitle "playchess.com"]
[Source "ChessBase"]
[SourceQuality "1"]
[TimeControl "40/5400+30:1800+30"]

1. d4 Nf6 2. c4 g6 3. Nc3 d5 4. cxd5 Nxd5 5. e4 Nxc3 6. bxc3 Bg7 7. h3 {[%emt 0:03:43] D85: Exchange Grünfeld: Unusual White 7th moves and lines with 7 Nf3.} c5 8. Bb5+ ({White should try} 8. Nf3 $11) 8... Bd7 (8... Nc6 $1 $15 9. d5 {[%mdl 64] Pin} a6) 9. Bxd7+ {[%emt 0:04:22] [#]} Nxd7 $146 ({Predecessor:} 9... Qxd7 10. Ne2 cxd4 11. cxd4 Nc6 12. Be3 O-O 13. O-O Rfd8 14. e5 Qd5 15. Qb3 Qxb3 16. axb3 {0-1 (57) Ruiz,L (2038)-Alvarez Leyva,H (2060) Havana 2009}) 10. Ne2 O-O 11. O-O cxd4 12. cxd4 Nb6 13. Rb1 Qd7 14. d5 e6 15. Qb3 exd5 16. exd5 Rfe8 17. Nf4 Be5 18. Rd1 Qf5 19. Qd3 Qf6 20. Qf3 $11 Rad8 21. Be3 Na4 22. Ne2 Qxf3 23. gxf3 b6 24. Rb4 Nc5 25. a4 Bd6 26. Rc4 Nb7 27. Nd4 Na5 28. Rc2 Bc5 29. Rxc5 bxc5 30. Nb5 Nb3 31. Nxa7 Nd4 32. Bxd4 Rxd5 33. Nc6 Rd6 34. Rd2 cxd4 0-1

[Event "56th Rubinstein Memorial C 2020"]
[Site "Polanica Zdroj"]
[Date "2020.08.23"]
[Round "9.4"]
[White "Mazalon, Mariusz"]
[Black "Kozlowski, Pawel"]
[Result "0-1"]
[ECO "E90"]
[WhiteElo "1980"]
[BlackElo "1913"]
[Annotator "NA"]
[PlyCount "66"]
[EventDate "2020.08.15"]
[EventType "swiss"]
[EventCountry "POL"]
[SourceTitle "playchess.com"]
[Source "ChessBase"]
[SourceQuality "1"]
[TimeControl "40/5400+30:1800+30"]

1. d4 Nf6 2. c4 g6 3. Nc3 Bg7 4. e4 d6 5. Nf3 O-O 6. h3 e5 7. d5 a5 8. Bg5 Na6 9. Nd2 Qe8 10. g4 Nd7 11. a3 Ndc5 12. b4 $1 Nd7 13. Be2 Nb6 14. bxa5 (14. c5 $16 axb4 15. axb4 dxc5 16. Bxa6 cxb4 17. Bb5) 14... Nd7 15. Nb3 ({White should try} 15. h4 $11) 15... Ndc5 16. Bd2 $17 (16. Be3 $1 $11) 16... f5 17. f3 fxe4 18. Nxe4 Nxe4 19. fxe4 Qe7 20. Be3 Bd7 21. a4 Qh4+ 22. Kd2 Bh6 23. Qg1 Bf4 24. Kc3 c6 25. Kb2 cxd5 26. cxd5 Rac8 27. Bb6 Nb4 28. Bb5 Qe7 29. Qd1 Bxb5 30. axb5 Qd7 31. Re1 Qxb5 32. Re2 Nd3+ 33. Ka2 Rc3 0-1

[Event "56th Rubinstein Memorial C 2020"]
[Site "Polanica Zdroj"]
[Date "2020.08.23"]
[Round "9.5"]
[White "Iwanczuk, Krzysztof"]
[Black "Komendecki, Antoni"]
[Result "0-1"]
[ECO "B27"]
[WhiteElo "1929"]
[BlackElo "1631"]
[Annotator "NA"]
[PlyCount "68"]
[EventDate "2020.08.15"]
[EventType "swiss"]
[EventCountry "POL"]
[SourceTitle "playchess.com"]
[Source "ChessBase"]
[SourceQuality "1"]
[TimeControl "40/5400+30:1800+30"]

1. e4 c5 2. Nf3 g6 3. d4 cxd4 4. Qxd4 Nf6 5. Nc3 Nc6 6. Qa4 d6 7. e5 dxe5 8. Nxe5 Bd7 {[%emt 0:01:11] B27: Sicilian: 2 Nf3, unusual Black 2nd moves.} 9. Nxd7 Qxd7 10. Be3 Bg7 11. Rd1 Qc8 12. Be2 O-O 13. O-O a6 14. Rfe1 {[%emt 0:00:59] [#]} Qf5 $146 ({Predecessor:} 14... b5 15. Qh4 Qf5 16. Bf3 Rac8 17. Nd5 Nxd5 18. Rxd5 Ne5 19. Be4 Qe6 20. Bd4 Nc4 21. Bxg7 Kxg7 {0-1 (67) Adhiban,B (2674)-Guseinov,G (2634) Berlin 2015}) 15. g4 Qc8 16. g5 Nd7 17. Qh4 e6 18. Ne4 Ne7 19. Bg4 (19. c3 $142) 19... Nf5 20. Bxf5 exf5 21. Nf6+ $11 Nxf6 22. gxf6 Bh8 23. c3 Qc6 24. Bd4 Rfd8 25. Be5 Re8 26. Re3 Rxe5 27. Rxe5 Bxf6 28. Qf4 Bxe5 29. Qxe5 Re8 30. Qf4 Re4 31. Qb8+ Kg7 32. f3 Re2 33. Qf4 Rxb2 34. Rd8 Qxc3 0-1

[Event "56th Rubinstein Memorial C 2020"]
[Site "Polanica Zdroj"]
[Date "2020.08.23"]
[Round "9.6"]
[White "Demski, Michal"]
[Black "Janzer, Hubert"]
[Result "1-0"]
[ECO "C00"]
[WhiteElo "1617"]
[BlackElo "1893"]
[Annotator "NA"]
[PlyCount "91"]
[EventDate "2020.08.15"]
[EventType "swiss"]
[EventCountry "POL"]
[SourceTitle "playchess.com"]
[Source "ChessBase"]
[SourceQuality "1"]
[TimeControl "40/5400+30:1800+30"]

1. e4 e6 2. d3 d5 3. Nd2 c5 4. Ngf3 Ne7 5. g3 g6 6. Bg2 Bg7 7. O-O Nbc6 8. Re1 b6 9. Qe2 a5 {A08: King's Indian Attack.} 10. e5 Qc7 11. Nf1 Ba6 12. c3 h6 13. h4 $1 O-O-O 14. Bf4 (14. N1h2 $14) 14... g5 15. hxg5 Ng6 16. a3 Rdg8 {[#]} 17. b4 $146 ({Predecessor:} 17. Qd2 hxg5 18. Nxg5 Bxe5 19. Bxe5 Ngxe5 20. d4 Nc4 21. Qf4 Qxf4 22. gxf4 Rh4 23. Nxf7 Rxf4 24. Rxe6 {0-1 (34) Herczku,D (2096)-Csiba,D (2169) Miskolc 2008}) 17... Nxf4 18. gxf4 hxg5 19. fxg5 Bf8 20. Reb1 b5 $16 (20... Bg7 $11 21. bxc5 Nxe5 22. cxb6 Qd6 23. b7+ Kb8) 21. bxc5 a4 22. d4 Be7 23. Qe3 Qd8 24. Ng3 Bxg5 25. Nxg5 Rxg5 26. c4 bxc4 27. Rb6 Bb7 28. Rab1 Na5 29. c6 Rxg3 30. cxb7+ Kb8 31. Qxg3 Nb3 32. Rd6 Qe8 33. Ra6 Kxb7 34. Rd6 Rg8 35. Qc3 Qb5 36. Qf3 Qe8 37. Qc3 Qb5 38. f4 Kc7 39. f5 exf5 40. Kf2 Rg4 41. Bxd5 Rf4+ 42. Kg3 Rxd4 43. Qxd4 Nxd4 44. Rxb5 Nxb5 45. Rc6+ Kd7 46. Rxc4 1-0

[Event "56th Rubinstein Memorial C 2020"]
[Site "Polanica Zdroj"]
[Date "2020.08.23"]
[Round "9.7"]
[White "Kejna, Piotr"]
[Black "Rudecki, Bartosz"]
[Result "1-0"]
[ECO "C42"]
[WhiteElo "1767"]
[BlackElo "1831"]
[Annotator "NA"]
[PlyCount "145"]
[EventDate "2020.08.15"]
[EventType "swiss"]
[EventCountry "POL"]
[SourceTitle "playchess.com"]
[Source "ChessBase"]
[SourceQuality "1"]
[TimeControl "40/5400+30:1800+30"]

1. e4 e5 2. Nf3 Nf6 3. Nxe5 Nc6 4. Nxc6 dxc6 5. Nc3 Bc5 6. Be2 {[%emt 0:02:56] C42: Petroff Defence: 3 Nxe5 and unusual White 3rd moves.} h5 7. d3 Ng4 8. Bxg4 hxg4 9. Bf4 {[%emt 0:07:23] [#]} Be6 $146 ({Predecessor:} 9... f5 10. Qd2 Bd6 11. O-O-O Rh5 12. Rhe1 Be7 13. exf5 Rxf5 14. Bg5 Rf7 15. Rxe7+ Rxe7 16. Re1 Kf7 17. Rxe7+ Kg8 18. Rxg7+ {1-0 (18) Dias,R (2119)-Bartolo,D (1344) Lisbon 2017}) 10. Ne2 Qf6 11. d4 O-O-O 12. c3 Bc4 13. Bg3 Qg6 14. b3 Ba6 15. Qc2 Rde8 16. f3 gxf3 17. gxf3 Bxe2 18. Kxe2 ({But not} 18. Qxe2 $2 {[#]} Qxg3+ $1 19. hxg3 Rxh1+ 20. Kf2 Rh2+ {[%mdl 64] Skewer} 21. Kf1 Rxe2 $19) 18... Bd6 19. Kf2 Rh3 20. Rag1 Reh8 $11 21. Bxd6 Qxd6 22. Rg2 Qf4 23. Qe2 g5 24. Qe3 Qh4+ 25. Ke2 Rg8 26. Qf2 Qf4 27. Rg4 Qd6 28. Qg2 Rgh8 29. e5 Qg6 30. Kd2 f6 31. exf6 Qxf6 32. Rxg5 Rxf3 33. Qg4+ Kd8 34. Rg8+ Rxg8 35. Qxg8+ Kd7 36. Qg4+ Kd8 37. Qg8+ Kd7 38. Qg4+ Kd8 39. h4 Qh6+ 40. Qg5+ Qxg5+ 41. hxg5 Rg3 42. Rh8+ Kd7 43. Rh7+ Kd6 44. Rg7 b5 45. g6 a5 46. c4 Rg2+ 47. Ke3 Rxa2 48. c5+ Ke6 49. Rxc7 Rg2 50. Rxc6+ Kf5 51. Kf3 Rg1 52. Ra6 a4 53. bxa4 bxa4 54. Rxa4 Rxg6 55. Ra8 Rg1 56. Rf8+ Ke6 57. Re8+ Kd7 58. Re5 Kc6 59. Re6+ Kd7 60. Rd6+ Kc7 61. Ke4 Rg5 62. Re6 Kd7 63. Re5 Rg4+ 64. Kd5 Rg6 65. Rh5 Rg1 66. Rh7+ Kc8 67. Kc6 Rg6+ 68. Kb5 Rg5 69. Kb6 Rd5 70. c6 Rxd4 71. Rh8+ Rd8 72. Rxd8+ Kxd8 73. Kb7 1-0

[Event "56th Rubinstein Memorial C 2020"]
[Site "Polanica Zdroj"]
[Date "2020.08.23"]
[Round "9.9"]
[White "Bartlomowicz, Jakub"]
[Black "Borowski, Przemyslaw"]
[Result "1/2-1/2"]
[ECO "B47"]
[WhiteElo "1613"]
[BlackElo "1790"]
[Annotator "NA RC"]
[PlyCount "38"]
[EventDate "2020.08.15"]
[EventType "swiss"]
[EventCountry "POL"]
[SourceTitle "playchess.com"]
[Source "ChessBase"]
[SourceQuality "1"]
[TimeControl "40/5400+30:1800+30"]

1. e4 c5 2. Nf3 e6 3. d4 cxd4 4. Nxd4 Nc6 5. Nc3 Qc7 6. Be2 a6 7. O-O Nf6 8. a3 b5 9. Be3 Bb7 10. f3 Be7 11. Nxc6 Qxc6 12. Qe1 O-O 13. Qg3 Rfd8 14. e5 Nd5 15. Nxd5 Qxd5 16. Bd3 Bc5 17. Qf2 Bxe3 18. Qxe3 d6 19. exd6 Qxd6 1/2-1/2